 Dungeon Crawl Stone Soup version 0.30-a0-476-g330ca2eb8e (webtiles) character file.

Game seed: 16336692014759097445

187 OTABOTABOTAB the Insei (level 5, -1/49 HPs)
             Began as an Octopode Transmuter on Dec 21, 2022.
             Succumbed to a water moccasin's poison
             ... on level 3 of the Dungeon on Dec 22, 2022.
             The game lasted 00:07:23 (2209 turns).

OTABOTABOTAB the Insei (Octopode Transmuter)        Turns: 2209, Time: 00:07:24

Health: -1/49      AC: 22    Str: 10 (11) XL:     5   Next: 66%
Magic:  8/8        EV:  2    Int: 16      God:
Gold:   113        SH:  0    Dex: 10 (12) Spells: 4/8 levels left

rFire   . . .      SeeInvis .      - Unarmed
rCold   . . .      Faith    .    (no shield)
rNeg    . . .      Spirit   .    (helmet currently unavailable)
rPois   +          Reflect  .    f - amulet of magic regeneration
rElec   .          Harm     .    W - ring of willpower
rCorr   .          Rampage  .    (no ring)
Will    +....      NoTele   +    (no ring)
Stlth   +.........               (no ring)
HPRegen 0.28/turn                (no ring)
MPRegen 0.51/turn                (no ring)
                                 (no ring)
                                 (no ring)

@: lethally poisoned (-1 -> -9), tree-form
A: stationary, stasis, torment immunity, boosted hp, almost no armour,
(amphibious), 8 rings, (camouflage 1), (gelatinous body 1), (nimble swimmer 1),
(tentacles)
a: no special abilities


You were on level 3 of the Dungeon.
You were a tree.
You visited 1 branch of the dungeon, and saw 3 of its levels.

You collected 113 gold pieces.

Inventory:

Missiles
 b - 5 poisoned darts (quivered)
 h - 4 curare-tipped darts
 j - 2 boomerangs
 s - 18 stones
Jewellery
 f - an amulet of magic regeneration (around neck)
   (You found it on level 2 of the Dungeon)
 W - a ring of willpower (left branch)
   (You found it on level 2 of the Dungeon)
Scrolls
 c - a scroll of teleportation {unknown}
 e - a scroll of vulnerability {unknown}
 g - a scroll of magic mapping {unknown}
 i - a scroll of identify {unknown}


   Skills:
 - Level 1.0 Fighting
 - Level 2.0 Dodging
 + Level 4.8 Unarmed Combat
 - Level 2.0 Spellcasting
 + Level 4.0 Transmutations
 - Level 1.5 Poison Magic


You had 4 spell levels left.
You knew the following spells:

 Your Spells              Type           Power      Damage    Failure   Level
a - Beastly Appendage     Tmut           28%        N/A       4%          1
c - Spider Form           Tmut/Pois      10%        N/A       21%         3

Your spell library contained the following spells:

 Spells                   Type           Power      Damage    Failure   Level
 Wereblood                Tmut           14%        N/A       6%          2
 Summon Small Mammal      Summ           4%         N/A       21%         1
 Call Canine Familiar     Summ           1%         N/A       52%         3
 Summon Guardian Golem    Hex/Summ       1%         N/A       52%         3
 Ice Form                 Ice/Tmut       8%         N/A       65%         4


Dungeon Overview and Level Annotations

Branches:
Dungeon (3/15)

Altars:


Innate Abilities, Weirdness & Mutations

You are a tree.
Your roots penetrate the ground, keeping you stationary.
You cannot be teleported.
You are immune to unholy pain and torment.
Your maximum health is greatly increased.
You cannot wear most types of armour.
((You are amphibious.))
You can wear up to eight rings at the same time.
((Your skin changes colour to match your surroundings (Stealth+).))
((Your rubbery body absorbs attacks. (AC +1, EV +1)))
((You are camouflaged when in or above water. (Stealth+)))
((You have tentacles for arms and can constrict up to eight enemies at once.))


Message History

MP restored: 7 You see here a bat corpse.
Your magical contamination has completely faded away.
Okay, then.
Unknown command.
Okay, then.
Your tentacle spike disappears.
i - a scroll labelled YMYMAL IJOME No target in view!
j - 2 boomerangs A water moccasin comes into view.
Okay, then.
Throw: 8 darts (poison)
Aim: a water moccasin (asleep, 98% to hit)
You throw a poisoned dart.
The poisoned dart hits the water moccasin.
Throw: 7 darts (poison)
Aim: a water moccasin (35% to hit)
You throw a poisoned dart.
The poisoned dart misses the water moccasin.
Throw: 6 darts (poison)
Aim: a water moccasin (35% to hit)
You throw a poisoned dart.
The poisoned dart barely misses the water moccasin.
The water moccasin bites you!
You take 7 damage, and have 21/28 hp.
MASSIVE DAMAGE!!
One of your tentacles grows a vicious spike.
The water moccasin barely misses you.
You now have 6/7 mp.
You barely miss the water moccasin. Your grab misses the water moccasin.
You pierce the water moccasin.
The water moccasin bites you but does no damage.
MP restored: 7 You closely miss the water moccasin.
Your grab misses the water moccasin.
Your tentacle spike misses the water moccasin.
The water moccasin bites you!
You are lethally poisoned!
The water moccasin poisons you!
You take 9 damage, and have 12/28 hp.
MASSIVE DAMAGE!!
It was a potion of degeneration.
There was something very wrong with that liquid.
You feel weakened.
You feel dopey.
You feel clumsy.
You feel very sick.
The water moccasin barely misses you. x2
You take 3 damage, and have 9/28 hp.
It was a potion of heal wounds.
You feel much better.
You feel sick. The water moccasin barely misses you.
You regained 12 hp, and now have 21/28 hp.
You miss the water moccasin. You grab the water moccasin.
You squeeze the water moccasin.
You constrict the water moccasin, but do no damage.
You feel sick. The water moccasin bites you. The water moccasin bites you!
* * * LOW HITPOINT WARNING * * *
You take 14 damage, and have 7/28 hp.
MASSIVE DAMAGE!!
Really quaff
P - a potion of lignification {!q}?
Really quaff the potion of lignification?
Your tentacle spike disappears.
You turn into a tree.
Your roots penetrate the ground.
You lose your grip on the water moccasin.
You feel sick.
The water moccasin bites you but does no damage.
You now have 9/42 hp.
You hit the water moccasin.
You feel sick.
The water moccasin bites you but does no damage.
You closely miss the water moccasin.
You feel sick.
The water moccasin bites you but does no damage. x2
You take 1 damage, and have 8/42 hp.
You smack the water moccasin!
You feel sick. The water moccasin bites you.
* * * LOW HITPOINT WARNING * * *
You take 2 damage, and have 6/42 hp.
You hit the water moccasin.
You feel sick.
The water moccasin bites you but does no damage.
You take 1 damage, and have 5/42 hp.
You closely miss the water moccasin.
You feel sick.
The water moccasin bites you but does no damage.
The water moccasin bites you.
* * * LOW HITPOINT WARNING * * *
You are lethally poisoned!
The water moccasin poisons you!
You take 2 damage, and have 3/42 hp.
You smack the water moccasin!
You kill the water moccasin!
* * * LOW HITPOINT WARNING * * *
You feel sick.
You feel your strength returning.
You feel your intelligence returning.
You feel your dexterity returning.
Training target 1.5 for Poison Magic reached!
Your Transmutations skill increases to level 4!
You have reached level 5!
You feel clever.
You take 2 damage, and have 1/49 hp.
MP restored: 8 You aren't carrying any potions.
You aren't carrying any potions.
You die...

.. #....# ..##.#.##
## #.#..#.# ##(
#.#.##.# (. #...#..#
#. ###.....###
###.####.........#
#................#
#...♣............#
###................#
#..................#
...##...............#
.......##...........#
###.................#
#.................#
#:............#####
###.........###


There were no monsters in sight!

Vanquished Creatures
  A water moccasin (D:3)
  A gnoll (D:1)
  An adder (D:2)
  2 worms (D:2)
  2 dart slugs
  4 ball pythons (D:2)
  8 bats
  2 endoplasms
  3 giant cockroaches
  3 goblins (D:2)
  4 hobgoblins
  3 kobolds
  3 quokkas
  4 frilled lizards (D:1)
  7 rats
48 creatures vanquished.

Vanquished Creatures (others)
  3 plants (D:3)
3 creatures vanquished.

Grand Total: 51 creatures vanquished

Notes
Turn   | Place    | Note
-------+----------+-------------------------------------------
     0 | D:1      | OTABOTABOTAB the Octopode Transmuter began the quest for
                  | the Orb.
     0 | D:1      | Reached XP level 1. HP: 13/13 MP: 3/3
   245 | D:1      | Reached XP level 2. HP: 17/18 MP: 1/5
   886 | D:1      | Reached XP level 3. HP: 23/23 MP: 6/6
  1187 | D:2      | Learned a level 3 spell: Spider Form
  1218 | D:2      | Reached skill level 3 in Transmutations
  1698 | D:2      | Reached XP level 4. HP: 28/28 MP: 5/7
  1757 | D:2      | Reached skill level 1 in Poison Magic
  1826 | D:2      | Reached skill level 4 in Unarmed Combat
  2190 | D:3      | Noticed a water moccasin
  2201 | D:3      | HP: 7/28 [water moccasin (9)]
  2206 | D:3      | HP: 5/42 [poisoned by a water moccasin]
  2208 | D:3      | Killed a water moccasin
  2208 | D:3      | HP: 1/42 [poisoned by a water moccasin]
  2209 | D:3      | Reached skill level 4 in Transmutations
  2209 | D:3      | Reached XP level 5. HP: 1/33 MP: 8/8
  2209 | D:3      | Succumbed to a water moccasin's poison

Illustrated notes

Levels and vault maps discovered:
D:1:      psy_arrival_fountain, layout_basic, chequers_big_river
D:2:      layout_loops_ring, minmay_heptomino_d4
D:3:      layout_rooms, gammafunk_temple_overflow_forgotten, uniq_natasha

Skill      XL: |  1  2  3  4 |
---------------+-------------+-----
Transmutations | 3 4 |  4.0
Poison Magic   | 1 |  1.5
Unarmed Combat | 4 |  4.8
Fighting       | |  1.0
Dodging        | |  2.0
Spellcasting   | |  2.0

Action                   |  1- 3 |  4- 6 || total
-------------------------+-------+-------++-------
Melee: Unarmed           |    73 |    24 ||    97
       Kick              |    29 |     6 ||    35
       Tentacles         |    18 |     5 ||    23
       Constrict         |    25 |     4 ||    29
Throw: Dart              |       |     3 ||     3
 Cast: Beastly Appendage |    31 |     7 ||    38
 Abil: End Transformatio |    14 |     5 ||    19
  Use: Potion            |       |     3 ||     3
 Stab: Sleeping          |     8 |     1 ||     9
Armor: Skin              |     4 |     9 ||    13
Dodge: Dodged            |    46 |    17 ||    63

Table legend: (Time is in decaauts)
 A = Elapsed time spent in this place.
 B = Non-inter-level travel time spent in this place.
 C = Inter-level travel time spent in this place.
 D = Time resting spent in this place.
 E = Time spent auto-exploring this place.
 F = Levels seen in this place.
 G = Mean time per level.
                   A        B        C        D        E       F      G
               +--------+--------+--------+--------+--------+-----+--------+
         Total |   2201 |   2151 |     50 |      7 |   1782 |   3 |  733.7 |
       Dungeon |   2201 |   2151 |     50 |      7 |   1782 |   3 |  733.7 |
               +--------+--------+--------+--------+--------+-----+--------+

Top non-repeatable levels by time:
     D:1: 1172 daAuts
     D:2: 979 daAuts
     D:3: 50 daAuts

Table legend:
 A = Kills in this place as a percentage of kills in entire the game.
 B = Kills by you in this place as a percentage of kills by you in the entire game.
 C = Kills by friends in this place as a percentage of kills by friends in the entire game.
 D = Other kills in this place as a percentage of other kills in the entire game.
 E = Experience gained in this place as a percentage of experience gained in the entire game.
 F = Experience gained in this place divided by the number of levels of this place that you have seen.
                   A       B       C       D       E      F
               +-------+-------+-------+-------+-------+----------------------
         Total | 100.0 | 100.0 |   N/A |   N/A | 100.0 |  89.3
       Dungeon | 100.0 | 100.0 |   N/A |   N/A | 100.0 |  89.3
               +-------+-------+-------+-------+-------+----------------------
